Map: Echo LE (Void)

Players

TaeKwonDOH

  • Race: Protoss Protoss
  • League: Platinum
  • Spawn Location: 5:00

Preussen - Winner!

  • Race: Zerg Zerg
  • League: Silver
  • Spawn Location: 11:00

VOD

Have the link to the VOD?

Description

Time

  • Played on: Jan. 13, 2017, 5:07 p.m.
  • Length: 21:10
Show
View Real Time Build Order
Export as new Build Order

TaeKwonDOH Protoss 

Build Orders: 1 Gate Expand 

Get SALT Encoding   

  12  0:01  Probe (Chrono Boost)  
  13  0:11  Probe (Chrono Boost)  
  14  0:22  Probe (Chrono Boost), Pylon  
  15  0:40  Probe (Chrono Boost)  
  15  0:41  Gateway  
  16  0:51  Probe (Chrono Boost)  
  17  1:01  Probe (Chrono Boost)  
  18  1:15  Probe (Chrono Boost)  
  18  1:17  Nexus  
  19  1:21  Assimilator  
  19  1:26  Probe (Chrono Boost)  
  20  1:34  Cybernetics Core  
  20  1:40  Probe (Chrono Boost)  
  21  1:47  Gateway  
  21  1:53  Gateway  
  21  1:55  Pylon  
  21  1:58  Probe (Chrono Boost)  
  22  2:06  Pylon  
  22  2:09  Warp Gate, Probe (Chrono Boost)  
  22  2:14  Forge  
  23  2:30  Probe (Chrono Boost)  
  23  2:34  Assimilator  
  25  2:37  Probe (Chrono Boost)  
  25  2:41  Probe (Chrono Boost)  
  26  2:45  Adept  
  26  2:49  Probe (Chrono Boost)  
  29  2:52  Probe (Chrono Boost)  
  29  2:55  Adept  
  32  3:01  Probe (Chrono Boost)  
  32  3:02  Probe (Chrono Boost)  
  34  3:06  Pylon  
  36  3:13  Probe (Chrono Boost)  
  36  3:14  Probe (Chrono Boost)  
  36  3:16  Photon Cannon  
  36  3:20  Adept  
  36  3:22  Adept  
  36  3:23  Probe (Chrono Boost)  
  42  3:31  Mothership Core (Chrono Boost)  
  42  3:34  Probe (Chrono Boost)  
  44  3:42  Assimilator  
  44  3:44  Probe (Chrono Boost), Pylon  
  44  3:47  Photon Cannon  
  45  3:55  Probe (Chrono Boost)  
  46  4:00  Probe (Chrono Boost)  
  47  4:04  Pylon  
  47  4:08  Robotics Facility  
  47  4:10  Pylon  
  47  4:11  Protoss Ground Weapons Level 1  
  47  4:12  Probe (Chrono Boost)  
  48  4:20  Twilight Council  
  48  4:25  Probe (Chrono Boost)  
  49  4:36  Photon Cannon, Probe (Chrono Boost)  
  50  4:38  Stalker  
  50  4:39  Photon Cannon  
  50  4:40  Stalker  
  54  4:46  Probe (Chrono Boost)  
  54  4:52  Blink  
  55  4:57  Probe (Chrono Boost)  
  56  5:03  Gateway  
  56  5:05  Gateway  
  56  5:07  Gateway  
  56  5:08  Gateway  
  56  5:12  Probe (Chrono Boost)  
  57  5:15  Adept  
  57  5:16  Adept  
  61  5:23  Immortal  
  66  5:36  Probe (Chrono Boost)  
  66  5:39  Probe (Chrono Boost)  
  67  5:46  Stargate  
  67  5:48  Probe (Chrono Boost)  
  68  6:00  Probe (Chrono Boost)  
  69  6:05  Protoss Ground Armor Level 1  
  57  6:49  Immortal, Stalker x2  
  61  6:57  Probe (Chrono Boost)  
  61  7:00  Robotics Facility  
  66  7:04  Robotics Bay  
  66  7:05  Oracle  
  69  7:11  Adept x2  
  69  7:15  Probe (Chrono Boost)  
  74  7:20  Assimilator  
  74  7:22  Stalker x2  
  78  7:23  Warp Prism  
  78  7:24  Zealot x2  
  78  7:27  Probe (Chrono Boost)  
  78  7:28  Probe (Chrono Boost)  
  86  7:30  Nexus  
  86  7:45  Pylon  
  86  7:48  Pylon  
  86  7:54  Pylon  
  86  8:03  Forge  
  86  8:06  Gateway  
  86  8:07  Gateway  
  86  8:11  Gateway  
  86  8:13  Immortal  
  86  8:14  Charge  
  86  8:15  Disruptor  
  86  8:17  Gateway  
  86  8:18  Nexus  
  93  8:36  Sentry  
  93  8:37  Stalker x2  
  93  8:38  Stalker  
  93  8:39  Zealot  
  93  8:40  Zealot  
  105  9:02  Probe (Chrono Boost), Stalker x2  
  110  9:11  Pylon  
  110  9:12  Pylon  
  110  9:30  Probe (Chrono Boost)  
  108  9:43  Zealot x3  
  108  9:44  Zealot  
  108  9:45  Zealot  
  108  10:06  Zealot x2  
  108  10:07  Zealot  
  114  10:08  Zealot  
  108  10:24  Probe (Chrono Boost)  
  108  10:26  Disruptor  
  109  10:31  Immortal  
  109  10:35  Probe (Chrono Boost), Stalker x5  
  123  10:36  Stalker  
  123  10:39  Probe (Chrono Boost)  
  130  10:46  Probe (Chrono Boost)  
  132  10:51  Probe (Chrono Boost)  
  132  10:56  Probe (Chrono Boost)  
  133  10:57  Disruptor  
  133  10:59  Protoss Ground Armor Level 2  
  133  11:01  Protoss Ground Weapons Level 2, Nexus  
  136  11:06  Sentry  
  136  11:08  Stalker  
  140  11:13  Pylon  
  140  11:15  Pylon  
  140  11:17  Pylon  
  140  11:28  Disruptor  
  140  11:31  Immortal  
  145  11:45  Stalker  
  145  11:46  Stalker x4  
  155  11:54  Stalker x3  
  161  12:10  Immortal  
  161  12:17  Stalker x2  
  161  12:18  Stalker x2  
  169  12:23  Probe (Chrono Boost)  
  170  12:34  Probe (Chrono Boost)  
  171  12:44  Probe (Chrono Boost), Stalker x2  
  171  12:45  Stalker x2  
  172  13:15  Zealot x4  
  180  13:29  Colossus  
  180  13:34  Colossus  
  171  13:48  Stalker x2  
  173  13:54  Probe (Chrono Boost)  
  176  13:57  Probe (Chrono Boost)  
  176  14:00  Assimilator  
  177  14:02  Zealot  
  177  14:04  Assimilator  
  177  14:05  Probe (Chrono Boost)  
  176  14:15  Probe (Chrono Boost)  
  177  14:18  Disruptor  
  176  14:28  Colossus  
  165  14:59  Observer  
  116  15:16  Stalker  
  116  15:17  Stalker x5  
  116  15:18  Stalker  
  127  15:22  Observer  
  127  15:27  Disruptor  
  128  15:40  Pylon  
  128  15:43  Disruptor  
  128  15:45  Assimilator  
  128  15:47  Assimilator  
  131  15:51  Zealot x3  
  127  15:58  Disruptor  
  123  16:11  Stalker x5  
  127  16:12  Stalker x2  
  137  16:26  Zealot x3  
  143  16:33  Nexus  
  143  16:37  Zealot x6  
  63  17:37  Stalker x3  
  63  17:38  Stalker x5  
  63  17:39  Stalker  
  81  17:56  Warp Prism, Assimilator  
  81  17:57  Disruptor  
  78  18:20  Stalker x4  
  72  18:28  Zealot x2  
  66  18:39  Stalker x3  
  70  18:53  Zealot  
  70  18:54  Zealot x3  
  76  18:58  Probe (Chrono Boost)  
  77  19:04  Probe (Chrono Boost)  
  77  19:09  Probe (Chrono Boost)  
  79  19:13  Stalker x2  
  79  19:14  Stalker  
  79  19:15  Probe (Chrono Boost)  
  74  19:30  Probe (Chrono Boost)  
  67  19:40  Probe (Chrono Boost)  
  67  19:45  Probe (Chrono Boost)  
  69  19:51  Probe (Chrono Boost)  
  70  19:55  Probe (Chrono Boost)  
  65  20:01  Probe (Chrono Boost)  
  61  20:12  Probe (Chrono Boost)  
  55  20:18  Stalker  
  55  20:19  Stalker  
  55  20:20  Stalker x3  
  65  20:22  Probe (Chrono Boost)  
  49  20:42  Probe (Chrono Boost)  
  47  20:45  Stalker  
  48  20:53  Probe (Chrono Boost)  
Show
View Real Time Build Order
Export as new Build Order

Preussen Zerg - Winner!

Build Orders: Hatch First, Lurkers 

Get SALT Encoding   

  12  0:00  Drone  
  13  0:13  Overlord  
  13  0:17  Drone  
  14  0:24  Drone, Extractor  
  15  0:31  Drone  
  15  0:35  Drone  
  17  0:54  Hatchery  
  17  0:56  Drone  
  17  1:00  Drone  
  17  1:03  Extractor  
  17  1:18  Spawning Pool  
  16  1:19  Drone  
  16  1:23  Drone  
  18  1:30  Drone  
  19  1:39  Overlord  
  19  1:50  Drone  
  20  2:02  Drone  
  20  2:06  Metabolic Boost  
  20  2:07  Queen  
  23  2:08  Queen  
  23  2:13  Drone  
  26  2:17  Drone  
  27  2:24  Zergling x4  
  29  2:31  Drone  
  29  2:33  Drone  
  31  2:39  Drone  
  32  2:48  Drone  
  32  2:49  Drone  
  34  2:54  Overlord  
  34  3:02  Drone  
  34  3:05  Overlord  
  35  3:11  Drone  
  36  3:13  Queen  
  36  3:15  Queen  
  36  3:17  Drone  
  36  3:18  Drone x2  
  43  3:24  Extractor  
  42  3:27  Evolution Chamber  
  42  3:29  Evolution Chamber  
  42  3:30  Drone x3  
  42  3:31  Drone x2  
  45  3:43  Drone  
  45  3:45  Drone  
  46  3:57  Roach Warren  
  46  4:02  Spore Crawler  
  44  4:04  Spine Crawler  
  44  4:09  Spine Crawler  
  42  4:11  Spore Crawler  
  42  4:13  Spine Crawler  
  40  4:17  Spine Crawler  
  39  4:24  Drone x3  
  39  4:25  Drone x3  
  39  4:26  Drone x2  
  39  4:27  Drone x2  
  49  4:31  Zerg Missile Weapons Level 1  
  49  4:38  Drone  
  50  4:49  Overlord x2  
  50  4:57  Hatchery  
  50  4:58  Overlord  
  49  5:10  Roach x3  
  49  5:11  Roach x2  
  49  5:12  Overlord  
  59  5:18  Lair  
  59  5:27  Drone x2  
  59  5:28  Drone  
  62  5:31  Extractor  
  62  5:33  Zerg Ground Armor Level 1  
  61  5:37  Roach x3  
  66  6:30  Roach x6  
  66  6:31  Roach, Overlord  
  66  6:32  Overlord  
  79  6:48  Roach  
  79  6:50  Roach  
  83  6:55  Hydralisk Den  
  83  6:56  Zerg Missile Weapons Level 2  
  83  6:57  Glial Reconstitution  
  83  7:00  Drone  
  83  7:01  Drone x2  
  85  7:06  Queen  
  87  7:24  Hydralisk x3  
  87  7:26  Hydralisk x2  
  87  7:29  Overlord  
  97  7:39  Muscular Augments  
  97  7:46  Overlord x3  
  97  7:49  Drone  
  97  7:50  Drone  
  97  7:51  Drone x2  
  101  8:01  Drone x2  
  103  8:17  Drone  
  103  8:18  Drone x2  
  106  8:20  Extractor  
  105  8:34  Hydralisk x6  
  105  8:35  Hydralisk x6  
  105  8:37  Overlord x2  
  105  8:38  Overlord  
  129  9:01  Infestation Pit  
  128  9:16  Spore Crawler  
  127  9:20  Spore Crawler  
  122  9:37  Drone x5  
  127  9:43  Drone x6  
  133  9:59  Hive  
  133  10:00  Zerg Ground Armor Level 2  
  133  10:04  Hatchery  
  132  10:07  Lurker Den  
  132  10:17  Drone  
  132  10:18  Drone x4  
  137  10:40  Pneumatized Carapace  
  137  10:51  Hydralisk  
  137  10:52  Hydralisk x7  
  137  10:54  Overlord x5  
  153  10:57  Zerg Melee Weapons Level 1  
  153  11:14  Ravager x3  
  156  11:28  Extractor  
  156  11:31  Extractor  
  154  11:36  Extractor  
  154  11:38  Extractor  
  142  12:00  Overseer  
  142  12:02  Lurker  
  142  12:03  Lurker x3  
  142  12:24  Ultralisk Cavern  
  141  12:36  Drone x3  
  144  12:43  Roach x2  
  144  12:44  Roach x5  
  154  12:45  Zergling x6  
  154  12:46  Zergling x10  
  166  13:07  Burrow  
  139  13:17  Roach  
  139  13:18  Roach x6  
  139  13:19  Ultralisk x2  
  148  13:42  Roach x5  
  158  14:02  Ultralisk x2  
  176  14:17  Ultralisk  
  166  14:33  Ultralisk  
  172  14:49  Drone x3  
  156  14:54  Roach  
  156  14:55  Roach x5  
  156  14:56  Roach x2  
  126  15:17  Roach x4  
  126  15:18  Roach x3  
  140  15:35  Hydralisk x3  
  140  15:36  Hydralisk x4  
  140  15:39  Queen  
  140  15:40  Queen  
  140  15:41  Overlord  
  146  16:11  Hydralisk x3  
  146  16:12  Hydralisk x7  
  146  16:13  Hydralisk x4  
  174  16:33  Tunneling Claws  
  174  16:35  Chitinous Plating  
  174  16:38  Hatchery  
  173  16:44  Lurker  
  125  17:20  Hydralisk x8  
  125  17:21  Hydralisk  
  100  17:38  Overlord  
  100  17:39  Overlord x6  
  100  17:49  Overseer  
  100  18:17  Hatchery  
  87  18:31  Hydralisk x5  
  87  18:32  Hydralisk x4  
  103  18:47  Ultralisk  
  95  18:50  Zergling x2  
  92  19:08  Ultralisk, Zergling x4  
  92  19:09  Zergling x6  
  103  19:10  Zergling x2  
  103  19:16  Hatchery  
  103  19:20  Hydralisk  
  103  19:21  Hydralisk x2  
  101  19:38  Ultralisk, Zergling x2  
  97  19:39  Zergling x8  
  97  19:40  Zergling x2  
  103  19:50  Drone x2  
  104  19:59  Hatchery  
  99  20:08  Hydralisk  
  99  20:09  Hydralisk x3  
  105  20:29  Hydralisk  
  105  20:30  Hydralisk x2  
  110  20:39  Hydralisk  
Tags
 
Add a new tag
Caveats
  • Supply blocks, unpowered buildings, or Contaminate may cause inaccurate times.
  • Supply counts are checked every 10 seconds.